 Dungeon Crawl Stone Soup version 0.26-a0-652-gafc20e3620 (webtiles) character file.

Game seed: 9769794599397108675

1053 grandjackal the Digger (level 8, -5/54 HPs)
             Began as an Octopode Earth Elementalist on Oct 2, 2020.
             Killed from afar by an electric eel (6 damage)
             ... with a bolt of electricity
             ... on level 6 of the Dungeon.
             The game lasted 00:07:35 (6713 turns).

grandjackal the Digger (OpEE)                       Turns: 6713, Time: 00:07:36

Health: -5/54      AC:  5    Str:  7    XL:     8   Next: 26%
Magic:  6/11       EV: 15    Int: 20    God:
Gold:   352        SH:  0    Dex: 12    Spells: 1/11 levels left

rFire    . . .     SeeInvis .   v - +2 dagger (elec)
rCold    . . .     Faith    .   (no shield)
rNeg     . . .     Spirit   .   (helmet restricted)
rPois    .         Reflect  .   (no amulet)
rElec    .         Harm     .   u - +4 ring of protection
rCorr    .         Rampage  .   (no ring)
MR       .....                  (no ring)
Stlth    +++.......             (no ring)
HPRegen  0.18/turn              (no ring)
MPRegen  0.12/turn              (no ring)
                                (no ring)
                                (no ring)

@: no status effects
A: almost no armour, stealthy swim, amphibious, 8 rings, constrict 8, camouflage
1, gelatinous body 1
a: no special abilities


You were on level 6 of the Dungeon.
You visited 1 branch of the dungeon, and saw 6 of its levels.

You collected 352 gold pieces.

Inventory:

Hand Weapons
 v - a +2 dagger of electrocution (weapon)
Missiles
 b - 219 stones (quivered)
Jewellery
 u - a +4 ring of protection (left tentacle)
Wands
 f - a wand of digging (4)
 g - a wand of paralysis (8)
 r - a wand of acid (6)
 t - a wand of enslavement (9)
 z - a wand of flame (16)
Scrolls
 a - 8 scrolls of teleportation {unknown}
 c - a scroll of enchant armour {unknown}
 e - 3 scrolls of identify
 h - a scroll of fear {unknown}
 l - 2 scrolls of noise {unknown}
 o - 6 scrolls of magic mapping {unknown}
 p - a scroll of blinking {unknown}
 q - 3 scrolls of enchant weapon {unknown}
 y - a scroll of amnesia
Potions
 d - 3 potions of stabbing
 i - a potion of mutation
 j - a potion of might
 k - 2 potions of resistance
 m - a potion of haste
 n - a potion of heal wounds
 s - 3 potions of curing
 w - a potion of ambrosia
 x - 2 potions of berserk rage


   Skills:
 + Level 4.4 Fighting
 + Level 4.9 Dodging
 - Level 3.0 Stealth
 - Level 2.0 Spellcasting
 + Level 4.5 Transmutations
 + Level 5.5 Earth Magic


You had one spell level left.
You knew the following spells:

 Your Spells              Type           Power        Failure   Level
a - Sandblast             Erth           ###...       1%          1
b - Passwall              Tmut/Erth      ###.....     3%          2
c - Stone Arrow           Conj/Erth      ##....       16%         3
d - Petrify               Tmut/Erth      ###.....     21%         4

Your spell library contained the following spells:

 Spells                   Type           Power        Failure   Level
 Lee's Rapid Deconstruct  Erth           ###.......   41%         5
 Conjure Flame            Conj/Fire      #.......     43%         3
 Dragon Form              Tmut           ###.......   100%        7


Dungeon Overview and Level Annotations

Branches:
Dungeon (6/15)
 Temple: D:4-7

Altars:
Ashenzari
Fedhas
Gozag
Yredelemnul
Zin
The Shining One

Shops:
D:2 *


Innate Abilities, Weirdness & Mutations

You cannot wear most types of armour.
You are very stealthy in the water. (Stealth+)
You are amphibious.
You can wear up to eight rings at the same time.
You can use your tentacles to constrict eight enemies at once.
Your skin changes colour to match your surroundings (Stealth+).
Your rubbery body absorbs attacks. (AC +1, EV +1)


Message History

The blast of sand hits the electric eel but does no damage.
b - 220 stones An adder skeleton comes into view.
The electric eel shoots out a bolt of lightning at you!
The bolt of electricity hits you! x2
* * * LOW HITPOINT WARNING * * *
Casting: Sandblast (safe; 1% risk of failure)
Confirm with . or Enter, or press ? or * to list all spells.
Aiming: Sandblast (safe; 1% risk of failure)
Press: ? - help, Shift-Dir - straight line, f/p - electric eel
Aim: an electric eel The blast of sand hits the electric eel!
The electric eel is severely wounded.
b - 219 stones The electric eel shoots out a bolt of lightning at you!
The bolt of electricity hits the adder skeleton!
The bolt of electricity hits you!
* * * LOW HITPOINT WARNING * * *
The bolt of electricity hits you.
You die...

#####.#
#.<...#
#.#####
#.# #.#
#.######
#......#
######@#
#Z# #.#
♣;≈ ≈♣♣≈
≈ ≈≈ ≈≈
≈≈ P♣
≈≈≈ ≈≈
;;≈


You could see an electric eel and an adder skeleton.

Vanquished Creatures
  A hippogriff (D:5)
  A sky beast (D:4)
  An ice beast (D:4)
  A phantom (D:3)
  A centaur (D:5)
  An ogre (D:5)
  An electric eel (D:6)
  2 orc wizards (D:4)
  A hound (D:5)
  Jessica (D:2)
  6 worker ants
  Robin (D:4)
  A gnoll (D:2)
  3 adders
  A white imp (D:5)
  2 worms
  A dart slug (D:2)
  5 leopard geckos
  5 orcs (D:4)
  A ball python (D:1)
  4 giant cockroaches
  12 goblins
  13 hobgoblins
  5 jackals
  9 kobolds
  7 bats
  6 frilled lizards
  A leopard gecko skeleton (D:4)
  8 rats
102 creatures vanquished.

Vanquished Creatures (others)
  4 plants
4 creatures vanquished.

Grand Total: 106 creatures vanquished

Notes
Turn   | Place    | Note
-------+----------+-------------------------------------------
     0 | D:1      | grandjackal the Octopode Earth Elementalist began the quest
                  | for the Orb.
     0 | D:1      | Reached XP level 1. HP: 11/11 MP: 3/3
   160 | D:1      | Reached XP level 2. HP: 13/18 MP: 5/5
   245 | D:1      | Learned a level 2 spell: Passwall
   690 | D:1      | Reached skill level 1 in Fighting
  1153 | D:1      | Reached XP level 3. HP: 16/23 MP: 6/6
  1341 | D:1      | Learned a level 3 spell: Stone Arrow
  1868 | D:2      | Noticed Jessica
  1870 | D:2      | Killed Jessica
  1870 | D:2      | Reached XP level 4. HP: 24/29 MP: 7/7
  2333 | D:2      | Found an opulent altar of Gozag.
  2337 | D:2      | Found Gozag's Platinum Reserve.
  3094 | D:2      | Found a faded altar of an unknown god.
  3411 | D:3      | Noticed a phantom
  3488 | D:3      | Killed a phantom
  3488 | D:3      | Reached skill level 4 in Earth Magic
  3488 | D:3      | Reached XP level 5. HP: 10/35 MP: 0/8
  4268 | D:4      | Reached XP level 6. HP: 7/41 MP: 2/9
  4635 | D:4      | Identified Fanoa's Compendium of Unstable Combat Magic
  4799 | D:4      | Found a basalt altar of Yredelemnul.
  4808 | D:4      | Found a glowing golden altar of the Shining One.
  4809 | D:4      | Noticed an ice beast
  4810 | D:4      | Noticed an angel
  4816 | D:4      | Killed an ice beast
  4923 | D:4      | Noticed Robin
  4936 | D:4      | Killed Robin
  5325 | D:4      | Noticed an orc warrior
  5346 | D:5      | Entered Level 5 of the Dungeon
  5366 | D:4      | Reached XP level 7. HP: 46/46 MP: 10/10
  5379 | D:4      | Learned a level 4 spell: Petrify
  6248 | D:5      | Found a broken altar of Ashenzari.
  6271 | D:5      | Found a glowing silver altar of Zin.
  6271 | D:5      | Found a blossoming altar of Fedhas.
  6363 | D:5      | Reached skill level 5 in Earth Magic
  6415 | D:5      | Reached XP level 8. HP: 49/54 MP: 11/11
  6420 | D:5      | Noticed a hippogriff
  6478 | D:5      | Killed a hippogriff
  6713 | D:6      | HP: 1/54 [electric eel/bolt of electricity (9)]
  6713 | D:6      | Killed from afar by an electric eel

Illustrated notes

Levels and vault maps discovered:
D:1:      nzn_arrival_crosshair, layout_loops_ring, minmay_quantized
D:2:      layout_basic, nicolae_gozag_zags_fifth_avenue,
          chequers_ecumenical_altar_lobes, cheibrodos_gnoll_hut, uniq_jessica
D:3:      layout_loops_ring, kennysheep_nub, bh_walls_and_bars
D:4:      layout_loops_ring, grunt_temple_overflow_holy_war, minmay_checkerbox,
          uniq_robin
D:5:      layout_basic, gammafunk_temple_overflow_elements,
          ashenzari_conservatory_becter, minmay_misc_feat_encased,
          minmay_misc_feat_tower
D:6:      layout_loops_ring, okawaru_gym_becter, minmay_temple_entry_ruins,
          serial_shops, nicolae_shop_waterfront, serial_bayou_lake_a

Skill      XL: |  1  2  3  4  5  6  7 |
---------------+----------------------+-----
Stealth        | 3 |  3.0
Fighting       | 1 2 3 4 |  4.4
Transmutations | 2 3 4 |  4.5
Dodging        | 3 4 |  4.9
Earth Magic    | 4 5 |  5.5
Spellcasting   | |  2.0

Action                   |  1- 3 |  4- 6 |  7- 9 || total
-------------------------+-------+-------+-------++-------
Melee: Unarmed           |    88 |       |       ||    88
       Constrict         |    31 |    26 |     7 ||    64
       Tentacles         |    19 |    16 |     9 ||    44
       Dagger            |     7 |   121 |    38 ||   166
 Cast: Sandblast         |       |    18 |     8 ||    26
       Petrify           |       |       |     4 ||     4
       Passwall          |       |       |     1 ||     1
  Use: Scroll            |     2 |     5 |     4 ||    11
 Stab: Sleeping          |     9 |    12 |     1 ||    22
       Distracted        |       |     1 |       ||     1
       Petrified         |       |       |    14 ||    14
Armor: Skin              |    14 |    15 |    10 ||    39
Dodge: Dodged            |    51 |    76 |    23 ||   150

Table legend: (Time is in decaauts)
 A = Elapsed time spent in this place.
 B = Non-inter-level travel time spent in this place.
 C = Inter-level travel time spent in this place.
 D = Time resting spent in this place.
 E = Time spent auto-exploring this place.
 F = Levels seen in this place.
 G = Mean time per level.
                   A        B        C        D        E       F      G
               +--------+--------+--------+--------+--------+-----+--------+
         Total |   6712 |   6502 |    210 |   2225 |   3340 |   6 | 1118.7 |
       Dungeon |   6712 |   6502 |    210 |   2225 |   3340 |   6 | 1118.7 |
               +--------+--------+--------+--------+--------+-----+--------+

Top non-repeatable levels by time:
     D:1: 1867 daAuts
     D:4: 1499 daAuts
     D:2: 1305 daAuts
     D:3: 1060 daAuts
     D:5: 953 daAuts
     D:6: 24 daAuts
